 Dungeon Crawl Stone Soup version 0.27-a0-419-g7a85846853 (webtiles) character file.

Game seed: 7650281107487933110

46 Chiseanne the Sneak (level 3, 0/28 HPs)
             Began as a Demonspawn Wanderer on Feb 26, 2021.
             Slain by an adder (3 damage)
             ... on level 2 of the Dungeon.
             The game lasted 00:02:03 (1802 turns).

Chiseanne the Sneak (Demonspawn Wanderer)           Turns: 1802, Time: 00:02:03

Health: 0/28       AC:  9    Str: 11    XL:     3   Next: 46%
Magic:  4/4        EV:  5    Int: 15    God:
Gold:   150        SH:  0    Dex: 12    Spells: 3/4 levels left

rFire    . . .     SeeInvis .   a - +2 quarterstaff
rCold    . . .     Faith    .   (shield currently unavailable)
rNeg     . . .     Spirit   .   d - +0 chain mail
rPois    .         Reflect  .   (helmet restricted)
rElec    .         Harm     .   (no cloak)
rCorr    .         Rampage  .   (no gloves)
Will     .....                  (no boots)
Stlth    ..........             (no amulet)
HPRegen  0.09/turn              (no ring)
MPRegen  0.09/turn              (no ring)

@: lethally poisoned (0 -> -5)
A: horns 1, rugged brown scales 1
a: no special abilities


You were on level 2 of the Dungeon.
You visited 1 branch of the dungeon, and saw 2 of its levels.

You collected 150 gold pieces.

Inventory:

Hand Weapons
 a - a +2 quarterstaff (weapon)
 e - a +0 dagger
Missiles
 c - 18 stones
 i - 31 sling bullets
 l - 106 arrows
Armour
 d - a +0 chain mail (worn)
Scrolls
 b - 2 scrolls of teleportation
 f - 2 scrolls of enchant armour {unknown}
 g - 3 scrolls of amnesia {unknown}
 h - 3 scrolls of identify {unknown}
 j - a scroll of fear {unknown}
 m - a scroll of noise {unknown}


   Skills:
 * Level 2.3 Fighting
 - Level 1.7 Staves
 * Level 0.5 Armour
 * Level 2.2 Dodging
 - Level 2.6 Stealth
 - Level 1.0 Spellcasting
 - Level 2.0 Summonings


You had 3 spell levels left.
You knew the following spells:

 Your Spells              Type           Power        Failure   Level
a - Freeze                Ice            0%           100%        1

Your spell library contained the following spells:

 Spells                   Type           Power        Failure   Level
 Frozen Ramparts          Ice            0%           100%        3


Dungeon Overview and Level Annotations

Branches:
Dungeon (2/15)

Altars:


Innate Abilities, Weirdness & Mutations

You have a pair of small horns on your head.
You are partially covered in rugged brown scales. (AC +1, +3% HP)


Message History

The frilled lizard bites you but does no damage.
The goblin hits you.
You are too injured to fight recklessly!
You are too injured to fight recklessly!
You are too injured to fight recklessly!
You are too injured to fight recklessly!
You are too injured to fight recklessly!
You are too injured to fight recklessly!
You are too injured to fight recklessly!
You are too injured to fight recklessly!
You are too injured to fight recklessly!
You are too injured to fight recklessly!
You are too injured to fight recklessly!
You are too injured to fight recklessly!
You are too injured to fight recklessly!
You are too injured to fight recklessly!
You are too injured to fight recklessly!
You are too injured to fight recklessly!
You are too injured to fight recklessly!
You are too injured to fight recklessly!
You are too injured to fight recklessly!
You are too injured to fight recklessly!
You are too injured to fight recklessly!
You miss the adder. Your headbutt misses the adder.
The adder is severely wounded.
The bat hits you. The adder bites you.
* * * LOW HITPOINT WARNING * * *
The adder barely misses you.
The frilled lizard bites you but does no damage.
The goblin hits you but does no damage. The adder bites you but does no damage.
The bat hits you but does no damage. The adder bites you.
* * * LOW HITPOINT WARNING * * *
You are lethally poisoned!
The adder poisons you!
It was a potion of magic.
Magic courses through your body.
* * * LOW HITPOINT WARNING * * *
You feel sick. The bat hits you but does no damage. The bat hits you.
* * * LOW HITPOINT WARNING * * *
The adder bites you.
You die...

........... .♣♣..#......
### ...........# ... #..
...........##.#.#######.#
....#...................
#....... #.######....
...#....g### #.# ###....
#.....Sl..###.# ##......
###..bS@...##.###..#....
#.............#.##..).
#.....###...#...####.#
#.....####....).#.....
#.................#..#
...#########)....###.##
..## #####..............
..# ##.....#....#.....##
..#...........##......


You could see 2 adders, a goblin, a bat and a frilled lizard.

Vanquished Creatures
  An adder (D:2)
  A leopard gecko (D:2)
  A giant cockroach (D:1)
  4 hobgoblins
  3 jackals (D:2)
  3 bats
  2 frilled lizards (D:1)
  8 goblins
  7 kobolds
  5 rats
35 creatures vanquished.

Vanquished Creatures (others)
  2 fungi (D:2)
  4 plants (D:2)
6 creatures vanquished.

Grand Total: 41 creatures vanquished

Notes
Turn   | Place    | Note
-------+----------+-------------------------------------------
     0 | D:1      | Chiseanne the Demonspawn Wanderer began the quest for the
                  | Orb.
     0 | D:1      | Chiseanne set off with the following items: a +2
                  | quarterstaff, a scroll of teleportation, a +0 robe, a +0
                  | dagger; and the following spell memorised: Freeze; and the
                  | following spells available to memorise: Frozen Ramparts
     0 | D:1      | Reached XP level 1. HP: 15/15 MP: 2/2
   479 | D:1      | Gained mutation: You are partially covered in rugged brown
                  | scales. (AC +1, +3% HP) [demonic ancestry]
   479 | D:1      | Reached XP level 2. HP: 15/21 MP: 3/3
  1411 | D:2      | Gained mutation: You have a pair of small horns on your
                  | head. [demonic ancestry]
  1411 | D:2      | Reached XP level 3. HP: 25/27 MP: 4/4
  1802 | D:2      | Slain by an adder

Illustrated notes

Levels and vault maps discovered:
D:1:      lightli_arrival_statue_moat, layout_basic, minmay_tromino_v7
D:2:      layout_rooms, serial_forest, infiniplex_forest_straight_2,
          infiniplex_forest_straight_3, infiniplex_forest_clump_curved,
          infiniplex_forest_zigzag_1, infiniplex_forest_straight_1,
          infiniplex_forest_clump_small, infiniplex_forest_end_3,
          infiniplex_forest_clump_tiny, nicolae_ru_the_path_less_chosen

Skill      XL: |  1  2 |
---------------+-------+-----
Fighting       | 2 |  2.3
Dodging        | 2 |  2.2
Staves         | |  1.7
Armour         | |  0.5
Stealth        | |  2.6
Spellcasting   | |  1.0
Summonings     | |  2.0

Action                   || total
-------------------------++-------
Melee: Quarterstaff      ||   109
       Headbutt          ||     3
  Use: Potion            ||     2
 Stab: Sleeping          ||     5
Armor: Robe              ||    11
       Chain mail        ||    89
Dodge: Dodged            ||    60

Table legend: (Time is in decaauts)
 A = Elapsed time spent in this place.
 B = Non-inter-level travel time spent in this place.
 C = Inter-level travel time spent in this place.
 D = Time resting spent in this place.
 E = Time spent auto-exploring this place.
 F = Levels seen in this place.
 G = Mean time per level.
                   A        B        C        D        E       F      G
               +--------+--------+--------+--------+--------+-----+--------+
         Total |   1825 |   1776 |     49 |    236 |   1260 |   2 |  912.5 |
       Dungeon |   1825 |   1776 |     49 |    236 |   1260 |   2 |  912.5 |
               +--------+--------+--------+--------+--------+-----+--------+

Top non-repeatable levels by time:
     D:1: 1324 daAuts
     D:2: 501 daAuts
